 Dungeon Crawl Stone Soup version 0.19-a0-944-gb338e1e (webtiles) character file.

233179 MrRokkomies the Grappler (level 18, -43/184 HPs)
             Began as a Troll Hunter on July 5, 2016.
             Was the Champion of Yredelemnul.
             Killed from afar by an ancient lich (55 damage)
             ... with a bolt of lightning
             ... on level 3 of the Abyss on July 10, 2016.
             The game lasted 02:44:22 (31778 turns).

MrRokkomies the Grappler (Troll Hunter)            Turns: 31778, Time: 02:44:24

Health: -43/184    AC: 25    Str: 29    XL:     18   Next: 41%
Magic:  25/25      EV: 13    Int: 12    God:    Yredelemnul [******]
Gold:   2181       SH: 19    Dex: 17    Spells: 6 memorised, 7 levels left

rFire  + + .     SeeInvis .       - Unarmed
rCold  + . .     Gourm    +     s - +2 pearl dragon armour of Zymutadu {rN+ Dex+3 Slay+2}
rNeg   + . .     Faith    +     q - +1 large shield {rPois}
rPois  +         Spirit   .     N - +2 hat
rElec  .         Dismiss  .     T - +2 cloak of the Trees {rC+ Str+4 Int+3}
rCorr  .         Reflect  .     (gloves unavailable)
SustAt .         Harm     .     (boots unavailable)
MR     ++...                    g - amulet of faith
Stlth  ..........               L - ring "Tyaroh" {rF+ MR+}
                                U - ring of the Castellan {+Fly rF+ Slay+2}

@: studying Translocations, very resistant to hostile enchantments, extremely
unstealthy
A: unfitting armour, claws 3, fast metabolism 3, gourmand, regeneration 2,
shaggy fur 1, tough skin 2
a: Recall Undead Slaves, Injury Mirror, Animate Dead, Drain Life, Enslave Soul,
Renounce Religion, Evoke Flight
}: 2/15 runes: decaying, serpentine


You were on level 3 of the Abyss.
You worshipped Yredelemnul.
Yredelemnul was exalted by your worship.
You were not hungry.

You visited 6 branches of the dungeon, and saw 34 of its levels.
You visited the Abyss 1 time.
You visited 2 bazaars.
You also visited: Ice Cave and Wizlab.

You collected 4481 gold pieces.
You spent 2300 gold pieces at shops.

Inventory:

Hand Weapons
 b - a +3 blowgun
Missiles
 c - 16 large rocks (quivered)
 d - 4 throwing nets
 x - 154 poisoned needles
 A - 6 needles of frenzy
 R - 15 needles of paralysis
Armour
 e - the +2 cloak of the Thief {+Fog Slay-2 SInv Stlth+}
   (You found it in a wizard's laboratory)

   It affects your accuracy and damage with ranged weapons and melee attacks
   (-2).
   It lets you see invisible.
   It can be evoked to emit clouds of fog.
   It makes you more stealthy.
 q - a +1 large shield of poison resistance (worn)
 s - the +2 pearl dragon armour of Zymutadu (worn) {rN+ Dex+3 Slay+2}
   (You acquired it on level 8 of the Dungeon)

   It affects your dexterity (+3).
   It affects your accuracy and damage with ranged weapons and melee attacks
   (+2).
   It protects you from negative energy.
 N - a +2 hat (worn)
 T - the +2 cloak of the Trees (worn) {rC+ Str+4 Int+3}
   (You found it in a wizard's laboratory)

   It affects your strength (+4).
   It affects your intelligence (+3).
   It protects you from cold.
Jewellery
 g - an amulet of faith (around neck)
 n - a +5 ring of evasion
 w - an uncursed ring of positive energy
 I - an uncursed ring of poison resistance
 L - the ring "Tyaroh" (right claw) {rF+ MR+}
   (You bought it in a shop on level 2 of the Orcish Mines)

   [ring of protection from fire]

   It protects you from fire.
   It affects your resistance to hostile enchantments.
 S - a +3 ring of slaying
 U - the ring of the Castellan (left claw) {+Fly rF+ Slay+2}
   (You bought it in a shop on level 2 of the Orcish Mines)

   [ring of flight]

   It affects your accuracy and damage with ranged weapons and melee attacks
   (+2).
   It protects you from fire.
   It lets you fly.
Wands
 j - a wand of disintegration (4/24)
 z - a wand of acid (5/15)
 C - a wand of lightning (6/15)
 M - a wand of digging (3/24)
 P - a wand of acid (7/15)
 Y - a wand of digging (7/24)
Scrolls
 p - 3 scrolls of recharging
 r - 5 scrolls of teleportation
 t - 3 scrolls of identify
 y - 7 scrolls of fog
 F - 18 scrolls of remove curse
 G - 2 scrolls of magic mapping
Potions
 a - 14 potions of might
 k - 6 potions of curing
 l - 8 potions of agility
 B - 2 potions of ambrosia
 J - 3 potions of magic
 K - 3 potions of berserk rage
 O - a potion of invisibility
 Q - 4 potions of haste
 W - a potion of cancellation
 Z - 2 potions of resistance
Books
 m - a book of Unlife

   Spells                             Type                      Level
   a - Recall                         Summoning/Translocation      3
   b - Animate Dead                   Necromancy                   4
   c - Control Undead                 Necromancy                   4
   d - Cigotuvi's Embrace             Necromancy                   5
   e - Death Channel                  Necromancy                   6
   f - Simulacrum                     Ice/Necromancy               6
 V - a manual of Translocations
 X - a book of Air

   Spells                             Type                      Level
   a - Shock                          Conjuration/Air              1
   b - Swiftness                      Charms/Air                   2
   c - Repel Missiles                 Charms/Air                   2
   d - Static Discharge               Conjuration/Air              3
   e - Lightning Bolt                 Conjuration/Air              5
Miscellaneous
 h - a phial of floods
 v - a sack of spiders
Comestibles
 f - 18 bread rations
 i - 9 beef jerkies
 o - a royal jelly
 u - 15 slices of pizza
 D - 9 fruits
 H - 11 meat rations


   Skills:
 * Level 12.6 Fighting
 - Level 9.2 Throwing
 - Level 10.0 Armour
 - Level 10.6 Dodging
 - Level 0.4 Stealth
 * Level 8.7 Shields
 - Level 14.2 Unarmed Combat
 - Level 5.4 Hexes
 - Level 7.7 Translocations
 - Level 11.0 Invocations


You had 7 spell levels left.
You knew the following spells:

 Your Spells              Type           Power        Failure   Level  Hunger
a - Confusing Touch       Hex            ##....       34%         1    ##.....
b - Blink                 Tloc           N/A          21%         2    ###....
c - Portal Projectile     Tloc           ###...       38%         3    ####...
d - Apportation           Tloc           ###.......   14%         1    ##.....
e - Shroud of Golubria    Chrm/Tloc      #.........   87%         2    ###....
f - Summon Butterflies    Summ           #.......     100%        1    ##.....


Dungeon Overview and Level Annotations

Branches:
Dungeon (15/15)            Temple (0/1) D:7            Lair (6/6) D:11
  Swamp (4/4) Lair:4        Snake (4/4) Lair:4        Slime (0/5) Lair:5
    Orc (2/2) D:10            Elf (3/3) Orc:2        Vaults (0/5) D:14
 Depths (0/5) D:15

Altars:
Dithmenos
Fedhas
Kikubaaqudgha
Makhleb
Ru
Sif Muna
Trog
Yredelemnul
Beogh

Shops:
D:5 (   D:10 !   D:14 (   Orc:2 =(*[   Elf:3 [   Snake:3 }

Portals:
Trove: D:13 (give +4 ice dragon armour)

Annotations:
D:6 1 runed door


Innate Abilities, Weirdness & Mutations

You are too large for most types of armour.
You have claws for hands.
Your metabolism is lightning-fast.
You like to eat raw meat.
You heal very quickly.
You are covered in fur. (AC +1)
You have very tough skin. (AC +2)


Message History

The ancient lich is moderately damaged.
You claw the ancient lich!
The ancient lich is moderately damaged.
The ancient lich touches you but does no damage.
You scratch the ancient lich.
The ancient lich is moderately damaged.
You block the ancient lich's attack.
You scratch the ancient lich.
The ancient lich is moderately damaged.
The ancient lich conjures a glowing orb.
The wavering orb of destruction weakly hits you!
* * * LOW HITPOINT WARNING * * *
You claw the ancient lich!
The ancient lich is heavily damaged.
The ancient lich points at you and mumbles some strange words.
The bolt of lightning hits you!
* * * LOW HITPOINT WARNING * * *
The bolt of lightning hits you!
You die...
Your body rises from the dead as a mindless zombie.

#. #. ..
#. ## #..
.# ## ..#
.# ..#
#.##....#
.#..#.##
# #@...#
#.
.#L#### #
#....
.##.## L
### #. .


You could see an ancient lich.

Vanquished Creatures
  A tentacled starspawn (Abyss:3)
  An eldritch tentacle (WizLab)
  A thorn hunter (Swamp:4)
  2 greater nagas (Snake:4)
  Donald (Swamp:1)
  A deep elf elementalist (Elf:3)
  A very ugly thing (Abyss:3)
  A deep elf demonologist (Elf:1)
  An eidolon (WizLab)
  A vault guard (D:14)
  A yaktaur captain (D:12)
  6 naga warriors
  4 hydras
  Erica (D:10)
  6 anacondas
  2 alligators
  4 death yaks
  14 dancing weapons
  A tengu warrior (D:15)
  The ghost of Gottschkopf the Thaumaturge, a journeyman DEFE of Sif Muna (D:11)
  An ogre mage (D:15)
  An orc high priest (Orc:2)
  A hell hog (Abyss:3)
  4 naga sharpshooters
  4 shock serpents
  8 deep elf knights
  A soul eater (WizLab)
  A salamander mystic (Snake:4)
  A wizard (D:15)
  An unseen horror (D:11)
  4 hill giants
  An obsidian statue (WizLab)
  2 lindwurms (Snake:4)
  2 naga ritualists
  7 deep elf archers
  3 griffons
  31 deep elf magi
  8 mana vipers
  5 ugly things
  2 orc sorcerers
  A manticore (D:12)
  2 large abominations (Abyss:3)
  3 cyclopes
  3 elephants (Lair:6)
  3 salamanders
  7 naga magi
  A worldbinder (Abyss:2)
  4 guardian serpents
  2 smoke demons (Abyss:3)
  19 black mambas
  A torpor snail (Lair:5)
  A gargoyle (D:8)
  9 spiny frogs
  A demonspawn skeleton (WizLab)
  2 komodo dragons
  2 rime drakes
  3 yaktaurs (D:15)
  12 ice devils (IceCv)
  An efreet (D:15)
  2 guardian mummies (D:13)
  2 polar bears
  A two-headed ogre (shapeshifter) (Elf:1)
  A wind drake (shapeshifter) (Elf:1)
  A wolf spider simulacrum (D:15)
  5 trolls
  2 giant leeches (Swamp:3)
  A slime creature (Swamp:2)
  A two-headed ogre (D:12)
  3 blink frogs
  Prince Ribbit (D:8)
  A boulder beetle (Lair:6)
  2 redbacks (Snake:2)
  2 spriggans (Swamp:3)
  2 shadows (Swamp:1)
  6 starcursed masses
  3 air elementals
  A wyvern (Lair:6)
  A ynoxinul (Abyss:2)
  10 fire elementals
  2 hogs (Swamp:2)
  13 yaks
  2 water elementals
  A human (D:9)
  6 hippogriffs
  A hungry ghost (D:12)
  9 vampire mosquitoes
  20 nagas
  7 swamp worms
  An insubstantial wisp (Swamp:1)
  A warg (Orc:1)
  A spatial vortex (WizLab)
  A soldier ant (D:14)
  25 water moccasins
  2 hell hounds (D:12)
  5 porcupines
  15 orc warriors
  A swamp drake (Swamp:4)
  A black bear (D:9)
  5 wasps
  3 sky beasts
  2 phantoms
  An eye of draining (D:11)
  9 ogres
  8 wolves
  4 centaurs
  6 crocodiles
  A big kobold (D:8)
  14 giant frogs
  A water moccasin zombie (D:6)
  An earth elemental (Elf:3)
  2 scorpions
  11 killer bees
  A small abomination (Abyss:3)
  6 wights
  2 electric eels
  5 howler monkeys
  A giant frog zombie (D:9)
  8 crimson imps
  4 quasits
  3 hounds
  9 orc priests
  3 jellies
  A human zombie (D:6)
  14 orc wizards
  3 centaur skeletons
  A giant frog skeleton (D:9)
  7 iguanas
  16 worker ants
  A killer bee zombie (D:9)
  22 sheep
  2 hound skeletons
  A hound zombie (D:5)
  39 river rats
  31 adders
  18 white imps
  5 ufetubi
  An adder zombie (D:7)
  An adder skeleton (D:5)
  4 worms
  A dart slug (D:2)
  4 giant geckos
  56 orcs
  2 ball pythons
  5 giant cockroaches
  6 hobgoblins
  20 jackals
  14 kobolds
  6 quokkas
  5 bats
  6 giant newts
  13 goblins
  A kobold skeleton (D:6)
  An orc zombie (Orc:2)
  9 rats
  4 briar patches (Swamp:4)
  A starspawn tentacle (Abyss:3)
809 creatures vanquished.

Vanquished Creatures (collateral kills)
  Vashnia (Snake:2)
  Rupert (Lair:6)
  A deep elf blademaster (Elf:2)
  Agnes (Snake:4)
  A storm dragon (D:12)
  Kirke (Swamp:2)
  A tengu reaver (D:12)
  A thorn hunter (Swamp:4)
  6 greater nagas
  A fire giant (D:12)
  An orc warlord (Orc:2)
  A deep elf elementalist (Elf:3)
  A very ugly thing (Swamp:2)
  A deep elf annihilator (Elf:1)
  An ettin (D:12)
  3 vault guards (D:14)
  17 anacondas
  8 naga warriors
  A ghost crab (Swamp:4)
  27 hydras
  2 catoblepae
  16 dancing weapons
  5 alligators
  A deep troll earth mage (D:12)
  2 tengu warriors
  11 shock serpents
  9 naga sharpshooters
  3 spriggans
  6 deep elf knights
  4 salamander mystics (Snake:4)
  11 swamp dragons
  3 hill giants (D:11)
  3 spriggan druids
  7 naga ritualists
  2 wizards
  10 deep elf archers
  3 lindwurms
  4 orc knights
  11 mana vipers
  3 orc sorcerers (Orc:2)
  2 wolf spiders (Lair:6)
  A griffon (Lair:6)
  A manticore (shapeshifter) (Elf:2)
  5 ugly things
  2 hornets (Lair:6)
  15 deep elf magi
  A cyclops (D:10)
  A worldbinder (Abyss:3)
  2 salamanders (Snake:2)
  A manticore (D:13)
  Maurice (Orc:2)
  An octopode (shapeshifter) (Elf:1)
  8 guardian serpents
  3 elephants (Lair:6)
  22 naga magi
  21 black mambas
  2 centaur skeletons
  A gargoyle (D:12)
  7 spiny frogs
  A komodo dragon (Lair:6)
  A yaktaur (D:10)
  2 freezing wraiths
  5 tengu conjurers
  A polar bear (D:15)
  A two-headed ogre (D:9)
  8 giant leeches
  2 trolls
  A polar bear (shapeshifter) (Elf:1)
  5 bog bodies
  A blink frog (Lair:6)
  6 slime creatures
  An air elemental (Elf:2)
  2 water elementals
  A fire elemental (Elf:1)
  3 redbacks (Snake:2)
  6 wyverns (Lair:6)
  A hog (Swamp:2)
  4 yaks
  3 hippogriffs
  A human (D:14)
  2 hungry ghosts
  32 nagas
  7 vampire mosquitoes
  3 insubstantial wisps (Swamp:1)
  4 water moccasins
  7 swamp worms
  A porcupine (Lair:1)
  10 swamp drakes
  A sky beast (D:15)
  14 orc warriors
  An eye of draining (D:12)
  6 wasps
  3 wolves
  6 ogres
  2 centaurs (D:15)
  2 elf skeletons (Elf:1)
  2 crocodiles
  2 giant frogs
  A water moccasin skeleton (D:11)
  A killer bee (D:11)
  2 electric eels
  A hound (D:10)
  A centaur zombie (D:11)
  10 orc priests
  A giant frog skeleton (D:12)
  10 orc wizards
  2 worker ants (Lair:6)
  3 sheep
  7 adders
  24 river rats
  A shadow imp (D:15)
  2 sheep zombies (Lair:6)
  An adder zombie (D:9)
  14 orcs
  4 briar patches (Swamp:4)
  10 fungi
  10 plants (Lair:6)
  A starspawn tentacle (Abyss:3)
556 creatures vanquished.

Vanquished Creatures (others)
  3 profane servitors
  4 bone dragons
  6 ghouls
  2 spectral humans
  3 vampire knights
  A spectral guardian serpent (Snake:4)
  A deep elf knight (Elf:2)
  A spectral efreet (D:12)
  7 skeletal warriors
  2 flayed ghosts (D:12)
  A tengu zombie (D:12)
  7 phantasmal warriors
  A deep elf archer (Elf:1)
  3 deep elf magi (Elf:1)
  A shock serpent zombie (Snake:4)
  A black mamba (Snake:2)
  4 elf zombies
  A yaktaur skeleton (D:12)
  5 hydra zombies
  A guardian serpent zombie (Snake:2)
  14 flying skulls
  5 vampires
  A wraith (Orc:2)
  A black mamba zombie (Snake:3)
  2 hill giant zombies
  A giant leech zombie (Swamp:4)
  A spiny frog zombie (Swamp:4)
  A manticore zombie (D:12)
  A lindwurm zombie (Snake:4)
  A blink frog zombie (WizLab)
  3 swamp dragon zombies (Swamp:4)
  2 vampire mosquito zombies (Swamp:4)
  A salamander zombie (Snake:2)
  A cyclops zombie (D:11)
  2 wyvern zombies (Lair:6)
  3 water moccasin zombies
  A scorpion (D:12)
  A hippogriff zombie (D:12)
  A troll zombie (D:12)
  3 yak zombies (Lair:6)
  3 wights
  4 centaur zombies
  A giant frog zombie (D:10)
  A wasp zombie (Lair:6)
  2 killer bee zombies (D:11)
  6 naga zombies
  2 ogre zombies
  A mummy (D:12)
  2 adders (Lair:5)
  3 swamp drake zombies
  A white imp (IceCv)
  6 ufetubi (IceCv)
  6 orc zombies
  2 sheep zombies (Lair:6)
  An orc (D:14)
  10 river rat zombies (Lair:6)
  An orc skeleton (D:12)
  315 eldritch tentacle segments (WizLab)
  15 fungi
  15 plants
  6 starspawn tentacle segments (Abyss:3)
504 creatures vanquished.

Grand Total: 1869 creatures vanquished

Notes
Turn   | Place    | Note
-------+----------+-------------------------------------------
     0 | D:1      | MrRokkomies the Troll Hunter began the quest for the Orb.
     0 | D:1      | Reached XP level 1. HP: 19/19 MP: 0/0
   179 | D:1      | Reached skill level 1 in Unarmed Combat
   314 | D:1      | Reached XP level 2. HP: 27/27 MP: 1/1
   743 | D:2      | Found a burning altar of Makhleb.
   746 | D:2      | Found a deep blue altar of Sif Muna.
   780 | D:2      | Reached XP level 3. HP: 31/33 MP: 2/2
   801 | D:2      | Reached skill level 2 in Unarmed Combat
   931 | D:2      | Found a basalt altar of Yredelemnul.
  1207 | D:2      | Reached XP level 4. HP: 41/41 MP: 3/3
  1650 | D:3      | Reached skill level 3 in Unarmed Combat
  1819 | D:3      | Reached XP level 5. HP: 46/48 MP: 4/4
  2000 | D:3      | Reached skill level 5 in Throwing
  2536 | D:2      | Found a shadowy altar of Dithmenos.
  2543 | D:2      | Became a worshipper of Yredelemnul the Dark
  2706 | D:4      | Reached skill level 4 in Unarmed Combat
  2714 | D:4      | Reached XP level 6. HP: 40/55 MP: 5/5
  3102 | D:5      | Entered Level 5 of the Dungeon
  3222 | D:5      | Found a sacrificial altar of Ru.
  3238 | D:5      | Reached skill level 5 in Unarmed Combat
  3238 | D:5      | Reached XP level 7. HP: 52/62 MP: 6/6
  3239 | D:5      | Reached * piety under Yredelemnul
  3261 | D:5      | Found Uqawy's Weapon Emporium.
  4083 | D:6      | Reached skill level 6 in Unarmed Combat
  4338 | D:6      | Reached XP level 8. HP: 67/70 MP: 7/7
  4604 | D:6      | Found a runed door.
  4934 | D:7      | Reached skill level 7 in Unarmed Combat
  4981 | D:7      | Reached ** piety under Yredelemnul
  5354 | D:7      | You fall through a shaft for 3 floors!
  5354 | D:10     | Entered Level 10 of the Dungeon
  5502 | D:10     | Noticed a komodo dragon
  5508 | D:10     | Reached skill level 8 in Unarmed Combat
  5522 | D:10     | Reached XP level 9. HP: 32/76 MP: 6/8
  5670 | D:10     | Found Cyatan's Distillery.
  5680 | D:10     | Bought a potion of heal wounds for 50 gold pieces
  5680 | D:10     | Bought 2 potions of heal wounds for 100 gold pieces
  5682 | D:10     | Noticed Erica
  5687 | D:10     | Killed Erica
  5733 | D:9      | Reached skill level 9 in Unarmed Combat
  6101 | D:9      | Reached *** piety under Yredelemnul
  6532 | D:9      | Reached skill level 10 in Unarmed Combat
  6702 | D:9      | Reached XP level 10. HP: 87/93 MP: 9/9
  6875 | D:8      | Identified a scroll of acquirement
  6876 | D:8      | Got a brightly glowing pearl dragon armour
  6887 | D:8      | Identified the +2 pearl dragon armour of Zymutadu {rN+ Dex+3 Slay+2} (You acquired it on level 8 of the Dungeon)
  6955 | D:8      | Noticed Prince Ribbit
  6966 | D:8      | Killed Prince Ribbit
  6966 | D:8      | Reached skill level 1 in Armour
  7023 | D:8      | Noticed a gargoyle
  7028 | D:8      | Killed a gargoyle
  7028 | D:8      | Reached skill level 5 in Fighting
  7095 | D:8      | Reached **** piety under Yredelemnul
  7331 | D:7      | Found a staircase to the Ecumenical Temple.
  7601 | D:10     | Found a staircase to the Orcish Mines.
  8043 | D:10     | Received a gift from Yredelemnul (2 flying skulls)
  8061 | D:10     | Noticed a cyclops
  8065 | D:10     | Killed a cyclops
  8242 | D:11     | Killed an unseen horror
  8356 | D:11     | Received a gift from Yredelemnul (a wight)
  8485 | D:11     | Noticed Gottschkopf's ghost (journeyman DEFE)
  8498 | D:11     | Killed Gottschkopf's ghost
  8498 | D:11     | Reached skill level 5 in Armour
  8566 | D:11     | Reached XP level 11. HP: 68/107 MP: 10/10
  8700 | D:11     | Found a staircase to the Lair.
  8788 | D:11     | Found a blossoming altar of Fedhas.
  8789 | D:11     | Noticed a hill giant
  8791 | D:11     | Noticed an eight-headed hydra
  8800 | D:11     | Killed a hill giant
  8807 | D:11     | Killed an eight-headed hydra
  8887 | D:11     | Noticed a hill giant
  8898 | D:11     | Killed a hill giant
  8994 | Lair:1   | Entered Level 1 of the Lair of Beasts
  9072 | Lair:1   | Received a gift from Yredelemnul (2 flying skulls)
 10813 | Lair:3   | Reached ***** piety under Yredelemnul
 10890 | Lair:3   | Received a gift from Yredelemnul (a mummy)
 10917 | Lair:3   | Noticed a four-headed hydra
 10921 | Lair:3   | Killed a four-headed hydra
 11234 | Lair:3   | Noticed a death yak
 11234 | Lair:3   | Noticed a death yak
 11236 | Lair:3   | Noticed a death yak
 11256 | Lair:3   | Killed a death yak
 11270 | Lair:3   | Killed a death yak
 11277 | Lair:3   | Killed a death yak
 11577 | Lair:4   | Reached XP level 12. HP: 120/123 MP: 11/11
 11599 | Lair:4   | Found a frozen archway.
 11630 | IceCv    | Entered an ice cave
 13380 | Lair:4   | Found a staircase to the Snake Pit.
 13506 | Lair:4   | Found a staircase to the Swamp.
 13535 | Lair:4   | Reached skill level 10 in Fighting
 13535 | Lair:4   | Received a gift from Yredelemnul (a vampire)
 13670 | Lair:4   | Received a gift from Yredelemnul (a wight)
 14166 | Lair:5   | Found a staircase to the Slime Pits.
 14188 | Lair:5   | Received a gift from Yredelemnul (a wraith)
 14723 | Lair:5   | Received a gift from Yredelemnul (a wight)
 14960 | Lair:6   | Entered Level 6 of the Lair of Beasts
 14969 | Lair:6   | Reached skill level 10 in Armour
 14979 | Lair:6   | Received a gift from Yredelemnul (5 flying skulls)
 15001 | Lair:6   | Noticed a death yak
 15010 | Lair:6   | Killed a death yak
 15010 | Lair:6   | Reached XP level 13. HP: 128/137 MP: 12/12
 15280 | Lair:6   | Reached ****** piety under Yredelemnul
 15311 | Lair:6   | Received a gift from Yredelemnul (a skeletal warrior)
 15468 | Lair:6   | Received a gift from Yredelemnul (5 flying skulls)
 15515 | Lair:6   | Reached skill level 11 in Unarmed Combat
 15734 | Lair:6   | Noticed Rupert
 15744 | Lair:6   | Killed Rupert
 15755 | Lair:6   | Received a gift from Yredelemnul (a flayed ghost)
 15891 | Lair:6   | Reached skill level 1 in Invocations
 15892 | Lair:6   | Received a gift from Yredelemnul (a phantasmal warrior)
 16281 | Lair:6   | Received a gift from Yredelemnul (a vampire knight)
 16681 | D:11     | Reached skill level 12 in Unarmed Combat
 16719 | Orc:1    | Entered Level 1 of the Orcish Mines
 16950 | Orc:1    | Received a gift from Yredelemnul (a ghoul)
 17174 | Orc:2    | Entered Level 2 of the Orcish Mines
 17179 | Orc:2    | Found a roughly hewn altar of Beogh.
 17198 | Orc:2    | Found a flickering gateway to a bazaar.
 17209 | Bazaar   | Entered a bazaar
 17209 | Bazaar   | Found Meydead's Weapon Boutique.
 17209 | Bazaar   | Found Rorphic's Antique Weapon Shop.
 17209 | Bazaar   | Found Liefam's Armour Shop.
 17223 | Bazaar   | Bought 8 needles of paralysis for 43 gold pieces
 17317 | Orc:2    | Received a gift from Yredelemnul (a vampire knight)
 17334 | Orc:2    | Noticed an orc warlord
 17334 | Orc:2    | Found a roughly hewn altar of Beogh.
 17350 | Orc:2    | Killed an orc warlord
 17354 | Orc:2    | Received a gift from Yredelemnul (a ghoul)
 17403 | Orc:2    | Found Cisuixt's General Store.
 17405 | Orc:2    | Found Ynisokot's Antique Armour Shoppe.
 17409 | Orc:2    | Found Miytec's Jewellery Shoppe.
 17515 | Orc:2    | Received a gift from Yredelemnul (a flayed ghost)
 17557 | Orc:2    | Noticed Maurice
 17570 | Orc:2    | Killed Maurice
 17593 | Orc:2    | Found a burning altar of Makhleb.
 17664 | Orc:2    | Found a staircase to the Elven Halls.
 17702 | Orc:2    | Found Xunygg's Antique Weapon Shoppe.
 17958 | Orc:2    | Bought an uncursed ring of poison resistance for 260 gold pieces
 17958 | Orc:2    | Bought the ring "Tyaroh" {rF+ MR+} for 488 gold pieces
 17958 | Orc:2    | Bought the ring of the Castellan {+Fly rF+ Slay+2} for 518 gold pieces
 18061 | D:12     | Reached skill level 5 in Invocations
 18061 | D:12     | Reached XP level 14. HP: 148/148 MP: 16/16
 18084 | D:12     | Noticed a storm dragon
 18086 | D:12     | Noticed a tengu reaver
 18088 | D:12     | Noticed a fire giant
 18097 | D:12     | Killed a storm dragon
 18100 | D:12     | Killed a tengu reaver
 18102 | D:12     | Killed a fire giant
 18115 | D:12     | Reached skill level 13 in Unarmed Combat
 18285 | D:12     | Received a gift from Yredelemnul (a skeletal warrior)
 18308 | D:12     | Noticed Azrael
 18324 | D:12     | Killed Azrael
 18324 | D:12     | Enslaved Azrael
 18684 | D:12     | Found a gateway to a bazaar.
 18696 | Bazaar   | Entered a bazaar
 18710 | Bazaar   | Found Luditsie's Antique Weapon Shoppe.
 18710 | Bazaar   | Found Xash's Jewellery Emporium.
 18755 | Bazaar   | Found Evor's Book Shoppe.
 18755 | Bazaar   | Found Ybeatt's Armour Emporium.
 18766 | Bazaar   | Bought a book of Misfortune for 160 gold pieces
 18766 | Bazaar   | Bought a book of Spatial Translocations for 520 gold pieces
 18768 | Bazaar   | Learned a level 1 spell: Confusing Touch
 18801 | D:12     | Your ally Azrael died
 18824 | D:12     | Learned a level 2 spell: Blink
 18828 | D:12     | Learned a level 3 spell: Portal Projectile
 18830 | D:12     | Learned a level 1 spell: Apportation
 18833 | D:12     | Learned a level 2 spell: Shroud of Golubria
 19284 | D:13     | Found a portal to a secret trove of treasure.
 19355 | D:13     | Received a gift from Yredelemnul (a profane servitor)
 19850 | D:14     | Found Kakykief's Antique Weapon Shoppe.
 19866 | D:14     | Reached skill level 14 in Unarmed Combat
 19888 | D:14     | Received a gift from Yredelemnul (a ghoul)
 20191 | D:14     | Found a gate to the Vaults.
 20269 | D:15     | Entered Level 15 of the Dungeon
 20441 | D:15     | Reached skill level 1 in Shields
 20480 | D:15     | Found a bloodstained altar of Trog.
 20489 | D:15     | Received a gift from Yredelemnul (a bone dragon)
 20967 | D:15     | Found a staircase to the Depths.
 20969 | D:15     | Received a gift from Yredelemnul (a bone dragon)
 20975 | D:15     | Reached XP level 15. HP: 103/153 MP: 20/20
 21013 | D:15     | Received a gift from Yredelemnul (a skeletal warrior)
 21257 | Swamp:1  | Entered Level 1 of the Swamp
 21257 | Swamp:1  | Noticed Donald
 21265 | Swamp:1  | Killed Donald
 21392 | Swamp:1  | Received a gift from Yredelemnul (a vampire)
 21735 | Swamp:1  | Found an ancient bone altar of Kikubaaqudgha.
 22310 | Swamp:2  | Noticed Kirke
 22312 | Swamp:2  | Noticed Nikola
 22324 | Swamp:2  | Killed Kirke
 22324 | Swamp:2  | Reached skill level 10 in Invocations
 22333 | Swamp:2  | Killed Nikola
 22333 | Swamp:2  | Enslaved Nikola
 22683 | Swamp:3  | Reached skill level 5 in Shields
 22864 | Swamp:3  | Received a gift from Yredelemnul (a vampire knight)
 23293 | Swamp:4  | Entered Level 4 of the Swamp
 23425 | Swamp:4  | Noticed a thorn hunter
 23439 | Swamp:4  | Killed a thorn hunter
 23465 | Swamp:4  | Received a gift from Yredelemnul (a phantasmal warrior)
 23469 | Swamp:4  | Your ally Nikola died
 23489 | Swamp:4  | Noticed a thorn hunter
 23495 | Swamp:4  | Killed a thorn hunter
 23515 | Swamp:4  | Reached skill level 1 in Hexes
 23531 | Swamp:4  | Received a gift from Yredelemnul (a bone dragon)
 23546 | Swamp:4  | Got a decaying rune of Zot
 23624 | Swamp:4  | Got a wavering amber ring
 23626 | Swamp:4  | Identified the ring "Zihe" {*Confuse +Fly Str+3 Int+3} (You found it on level 4 of the Swamp)
 24123 | Swamp:1  | Received a gift from Yredelemnul (a phantasmal warrior)
 24187 | Snake:1  | Entered Level 1 of the Snake Pit
 24208 | Snake:1  | Noticed Aizul
 24217 | Snake:1  | Killed Aizul
 24217 | Snake:1  | Enslaved Aizul
 24326 | Snake:1  | Received a gift from Yredelemnul (a profane servitor)
 24380 | Snake:1  | Received a gift from Yredelemnul (a ghoul)
 24390 | Snake:1  | Reached XP level 16. HP: 133/162 MP: 5/23
 24547 | Snake:1  | Received a gift from Yredelemnul (a profane servitor)
 24879 | Snake:2  | Received a gift from Yredelemnul (a skeletal warrior)
 24915 | Snake:2  | Received a gift from Yredelemnul (a skeletal warrior)
 25093 | Snake:2  | Reached skill level 5 in Dodging
 25167 | Snake:2  | Noticed Vashnia
 25196 | Snake:2  | Killed Vashnia
 25196 | Snake:2  | Reached skill level 5 in Hexes
 25833 | Snake:3  | Reached skill level 1 in Translocations
 25857 | Snake:3  | Received a gift from Yredelemnul (a vampire)
 26136 | Snake:3  | Found Qasaa's Gadget Boutique.
 26404 | Snake:3  | Received a gift from Yredelemnul (a phantasmal warrior)
 26441 | Snake:4  | Entered Level 4 of the Snake Pit
 26502 | Snake:4  | Learned a level 1 spell: Summon Butterflies
 26649 | Snake:4  | Noticed Agnes
 26653 | Snake:4  | Killed Agnes
 26743 | Snake:4  | Received a gift from Yredelemnul (a skeletal warrior)
 27024 | Snake:4  | Your ally Aizul died
 27036 | Snake:4  | Received a gift from Yredelemnul (a vampire)
 27039 | Snake:4  | Reached XP level 17. HP: 139/172 MP: 24/24
 27185 | Snake:4  | Reached skill level 5 in Translocations
 27331 | Snake:4  | Received a gift from Yredelemnul (a ghoul)
 27345 | Snake:4  | Received a gift from Yredelemnul (a skeletal warrior)
 27431 | Snake:4  | Got a serpentine rune of Zot
 27865 | Elf:1    | Entered Level 1 of the Elven Halls
 28503 | Elf:1    | Received a gift from Yredelemnul (a phantasmal warrior)
 28589 | Elf:1    | Received a gift from Yredelemnul (a phantasmal warrior)
 28606 | Elf:1    | Reached skill level 10 in Dodging
 28836 | Elf:1    | Received a gift from Yredelemnul (a bone dragon)
 29540 | Elf:2    | Received a gift from Yredelemnul (a phantasmal warrior)
 29646 | Elf:2    | Found a huge runed gate.
 29646 | Elf:2    | Found a huge runed gate.
 29647 | Elf:2    | Found a huge runed gate.
 29648 | Elf:2    | Found a huge runed gate.
 29652 | Elf:2    | Found a huge runed gate.
 30183 | Elf:2    | HP: 5/172 [battleaxe of chopping (4)]
 30183 | Elf:2    | HP: 2/172 [antimagic trident (3)]
 30185 | Elf:2    | Reached XP level 18. HP: 47/182 MP: 18/25
 30396 | Elf:2    | Received a gift from Yredelemnul (a phantasmal warrior)
 30471 | Elf:2    | Noticed Louise
 30479 | Elf:2    | Killed Louise
 30479 | Elf:2    | Enslaved Louise
 30480 | Elf:2    | Upgraded the game from 0.19-a0-904-ga29959e to 0.19-a0-944-gb338e1e
 30491 | Elf:2    | Your ally Louise died
 30682 | Elf:3    | Entered Level 3 of the Elven Halls
 30752 | Elf:3    | Found a magical portal.
 30774 | WizLab   | Entered The Roulette of Golubria
 30776 | WizLab   | Found a corrupted altar of Lugonu.
 30854 | WizLab   | Got a distressingly furry cloak
 30857 | WizLab   | Gained mutation: Scrolls take you a little longer to read. [a neqoxec]
 30927 | WizLab   | Identified the +2 cloak of the Trees {rC+ Str+4 Int+3} (You found it in a wizard's laboratory)
 30958 | WizLab   | Lost mutation: Scrolls take you a little longer to read. [potion of cure mutation]
 31018 | Elf:3    | Found Sureofip's Armour Emporium.
 31031 | Elf:3    | Bought a +0 large shield of poison resistance for 161 gold pieces
 31426 | Elf:3    | Noticed a Brimstone Fiend
 31429 | Elf:3    | Noticed a Brimstone Fiend
 31449 | Elf:3    | Cast into level 2 of the Abyss (a deep elf demonologist)
 31642 | Abyss:3  | Received a gift from Yredelemnul (a ghoul)
 31646 | Abyss:3  | Paralysed by accursed screaming for 1 turns
 31687 | Abyss:3  | Noticed a lich
 31699 | Abyss:3  | Noticed an Ice Fiend
 31744 | Abyss:3  | Noticed an ancient lich
 31778 | Abyss:3  | Killed from afar by an ancient lich

Vault maps used:
D:1:      eino_arrival_tree_alley
D:2:      nicolae_overflow_hidden_temple, kennysheep_generic_room_9
D:5:      serial_shops, shop, first_bread, hangedman_ru_absence
D:6:      dk_yredelemnul_ordeal
D:8:      kennysheep_small_square, uniq_prince_ribbit1
D:9:      grunt_pizzeria
D:10:     kennysheep_windowed_halls, orc_0_dummy, serial_shops, shop, uniq_erica
D:11:     lair_0_dummy, serial_glass, glass_columns_a, glass_columns_b,
          basic_altar
D:12:     serial_shops, bzr_firewalk, minmay_the_grid_plus, uniq_azrael
D:13:     nicolae_trove_entry_path_of_doom
D:14:     grunt_vaults_entry_fortified, serial_shops, nicolae_shop_waterfront,
          minivault_14
D:15:     grunt_enter_depths_magical_seal, roderic_curled_sauvastika,
          trog_ov_bears_minmay
Lair:1:   serial_bayou_lagoon_b
Lair:4:   swamp_mist, guppyfry_snake_entry_island, portal_ice_cave_entry_imps
Lair:5:   lemuel_reptile_caves, slime_dummy, serial_bayou_shore_a
Lair:6:   hangedman_lair_tendril_chambers, nicolae_quartered_pool_medium,
          uniq_rupert
Swamp:1:  evilmike_swamp_ruin_house_3, nicolae_swamp_godswood, uniq_donald
Swamp:2:  evilmike_swamp_ruin_rubble_2, uniq_nikola, uniq_kirke
Swamp:3:  nicolae_swamp_treefoil, swamp_pool3
Swamp:4:  swamp, swamp_pool5
Snake:1:  serial_bayou_pond_e, corexii_hall_statues_i, uniq_aizul
Snake:2:  spider_trap, grunt_ministairs_15, nrook_loot_triangle, uniq_vashnia
Snake:3:  serial_shops, nicolae_shop_window_shopping
Snake:4:  snake_pit_salamanders_mu, uniq_agnes
Orc:2:    grunt_orc_cross, serial_shops, bzr_entry_water,
          hangedman_feature_mirror, uniq_maurice
Elf:1:    elf_arrival_001, evilmike_minifort, fake_guardian_serpent_vault
Elf:2:    uniq_louise
Elf:3:    minmay_elf_hall_furrowed, infiniplex_enter_wizlab_glasses,
          serial_shops, shop
Abyss:3:  evilmike_abyss_exit_mutagenic
Bazaar:   bazaar_outfitter, bazaar_short_row
IceCv:    ice_cave_small_demon
WizLab:   wizlab_golubria

Skill      XL: |  1  2  3  4  5  6  7  8  9 10 11 12 13 14 15 16 17 18 |
---------------+-------------------------------------------------------+-----
Unarmed Combat | 1 2 3 4 5 6 8 10 12 14 | 14.2
Throwing       | 4 5 6 7 8 9 |  9.2
Fighting       | 4 6 9 11 12 | 12.6
Armour         | 5 8 10 | 10.0
Invocations    | 5 9 11 | 11.0
Shields        | 2 7 8 |  8.7
Hexes          | 2 5 |  5.4
Dodging        | 3 8 10 | 10.6
Translocations | 4 7 |  7.7
Stealth        | |  0.4

Action                   |  1- 3 |  4- 6 |  7- 9 | 10-12 | 13-15 | 16-18 || total
-------------------------+-------+-------+-------+-------+-------+-------++-------
Melee: Unarmed           |   104 |   193 |   324 |   655 |   765 |   801 ||  2842
       Punch             |       |     3 |    12 |    42 |    44 |       ||   101
Throw: Tomahawk          |       |       |     2 |    14 |       |       ||    16
       Large rock        |       |       |     1 |    13 |     8 |    62 ||    84
       Throwing net      |       |       |     1 |       |       |     1 ||     2
       Javelin           |       |       |       |       |    17 |     4 ||    21
 Cast: Confusing Touch   |       |       |       |       |       |     1 ||     1
       Portal Projectile |       |       |       |       |       |     1 ||     1
Invok: Animate Remains   |       |       |     2 |       |       |       ||     2
       Animate Dead      |       |       |     1 |    10 |    39 |    30 ||    80
       Recall Undead Sla |       |       |       |       |     6 |     7 ||    13
       Enslave Soul      |       |       |       |       |     3 |     1 ||     4
       Drain Life        |       |       |       |       |       |     5 ||     5
 Abil: Evoke Flight      |       |       |       |       |       |     3 ||     3
Evoke: Wand              |       |       |       |     4 |     1 |     4 ||     9
  Use: Scroll            |       |    13 |     1 |    15 |    22 |    11 ||    62
       Potion            |       |       |     3 |     7 |     2 |     8 ||    20
 Stab: Sleeping          |     3 |     2 |     1 |       |       |     2 ||     8
       Invisible         |       |       |     3 |       |       |       ||     3
       Held in net/web   |       |       |     1 |       |       |     1 ||     2
       Distracted        |       |       |       |     7 |    16 |    14 ||    37
       Confused          |       |       |       |       |     1 |     1 ||     2
       Paralysed         |       |       |       |       |     1 |       ||     1
  Eat: Chunk             |     9 |    25 |    26 |    60 |   102 |    59 ||   281
       Bread ration      |       |       |       |     2 |       |     2 ||     4
       Meat ration       |       |       |       |     3 |     2 |     1 ||     6
       Fruit             |       |       |       |     1 |       |     2 ||     3
       Royal jelly       |       |       |       |       |       |     3 ||     3
Armor: Robe              |    37 |    54 |    70 |    16 |       |       ||   177
       Pearl dragon armo |       |       |       |   410 |   358 |   294 ||  1062
Dodge: Dodged            |    62 |    86 |   119 |   272 |   334 |   337 ||  1210
Block: Shield            |       |       |       |       |   140 |   303 ||   443
       Large shield      |       |       |       |       |       |   165 ||   165
